 Dungeon Crawl Stone Soup version 0.32-a0-938-g40ac7a0 (webtiles) character file.

Game seed: 10764951453286567330

2016411 qhelerd the Skinwalker (level 24, 269/269 HPs)
             Began as a Troll Shapeshifter on Apr 15, 2024.
             Was the Champion of Ru.
             Escaped with the Orb
             ... and 3 runes!
             The game lasted 03:10:22 (45502 turns).

qhelerd the Skinwalker (Troll Shapeshifter)        Turns: 45502, Time: 03:10:23

Health: 269/269    AC: 41    Str: 41    XL:     24   Next: 8%
Magic:  19/19      EV:  9    Int:  8    God:    Ru [******]
Gold:   3960       SH: 15    Dex:  7    Spells: 23/23 levels left

rFire   + .          .
                       - Unarmed
rCold   . . .        i - +2 kite shield {reflect}
rNeg    + . .        G - melded +2 troll leather armour
rPois   ∞            z - +5 hat of Xahiwibo {Int+2}
rElec   +            (no cloak)
rCorr   .            (gloves unavailable)
SInv    +            (boots unavailable)
Will    ++...        F - amulet of Vitality {Regen++ RegenMP++}
Stlth   +            q - ring of willpower
HPRegen 3.04/turn    h - ring "Nagub" {rF+ Str+6 SInv}
MPRegen 0.96/turn

%: reflection
@: statue-form, very slow
A: slow and powerful, torment resistance 1, boosted hp, large, unfitting armour,
claws 3, frail 1, regeneration 1, (shaggy fur 1), (tough skin 1), no potion heal
2, inability to use devices, hated by all, inability to train armour, clumsy 2,
low MP 1, subdued magic 1
0: Orb of Zot
}: 3/15 runes: decaying, serpentine, silver
a: Begin Untransformation, Renounce Religion, Draw Out Power, Power Leap,
Apocalypse


You escaped.
You worshipped Ru.
Ru was exalted by your worship.
You were a living statue of rough stone.
You visited 9 branches of the dungeon, and saw 45 of its levels.
You visited 1 bazaar.
You also visited: Gauntlet and Ice Cave.

You collected 6110 gold pieces.
You spent 2150 gold pieces at shops.

Inventory:

Missiles
 o - 5 silver javelins (quivered)
 s - 29 atropa-tipped darts
 H - 4 throwing nets
 O - 6 curare-tipped darts
 Q - 110 large rocks
Armour
 b - a +0 tower shield of fire resistance
 i - a +2 kite shield of reflection (worn)
 v - an orb of wrath
 z - the +5 hat of Xahiwibo (worn) {Int+2}
   (You found it in a Gauntlet)

   Int+2:     It affects your intelligence (+2).
 G - a +2 troll leather armour (melded)
 Z - a +2 robe of willpower
Jewellery
 a - a ring of resist corrosion
 c - a ring of willpower
 d - an amulet of regeneration
 h - the ring "Nagub" (right claw) {rF+ Str+6 SInv}
   (You found it on level 5 of the Vaults)

   [ring of strength]

   Str+6:     It affects your strength (+6).
   rF+:       It protects you from fire.
   SInv:      It lets you see invisible.
 k - a ring of poison resistance
 p - a ring of magical power
 q - a ring of willpower (left claw)
 u - an amulet of reflection
 x - a +6 ring of dexterity
 B - a +5 ring of evasion
 D - a ring of ice
 E - a ring of magical power
 F - the amulet of Vitality (around neck) {Regen++ RegenMP++}
   (You took it off a vault warden on level 5 of the Vaults)

   [amulet of nothing]

   Regen++:   It increases your rate of health regeneration.
   RegenMP++: It increases your rate of magic regeneration.
 W - a ring of willpower
 X - a ring of protection from fire
Talismans
 w - a storm talisman
 C - a granite talisman (active)
 V - a dragon-blood talisman
Scrolls
 g - 6 scrolls of vulnerability
 j - 2 scrolls of immolation
 r - 5 scrolls of fog
 y - 4 scrolls of revelation
 I - 3 scrolls of teleportation
 J - 4 scrolls of enchant armour
 M - 3 scrolls of poison
 N - 2 scrolls of silence
 R - a scroll of blinking
 Y - 3 scrolls of fear
Potions
 e - 10 potions of attraction
 f - 5 potions of magic
 l - 7 potions of brilliance
 m - 4 potions of cancellation
 n - 7 potions of curing
 t - 9 potions of mutation
 A - 3 potions of haste
 K - 2 potions of ambrosia
 L - 4 potions of enlightenment
 P - a potion of might
 S - 3 potions of berserk rage
 T - 4 potions of lignification
 U - 6 potions of heal wounds


   Skills:
 - Level 12.0 Fighting
 - Level 12.3 Throwing
 - Level 6.9 Dodging
 + Level 18.1 Shields
 + Level 23.4 Unarmed Combat
 - Level 24.0 Shapeshifting


You had 23 spell levels left.
You didn't know any spells.
Your spell library contained the following spells:

 Spells                   Type           Power      Damage    Failure   Level
 Apportation              Tloc           0%         N/A       41%         1
 Foxfire                  Conj/Fire      0%         2x1d4     41%         1
 Magic Dart               Conj           0%         1d3       41%         1
 Sandblast                Erth           0%         2d4       41%         1
 Sting                    Conj/Alch      0%         1d3       41%         1
 Blink                    Tloc           0%         N/A       56%         2
 Cigotuvi's Dreadful Rot  Necr/Alch/Air  0%         N/A       56%         2
 Ensorcelled Hibernation  Hex/Ice        0%         N/A       56%         2
 Jinxbite                 Hex            0%         N/A       56%         2
 Searing Ray              Conj           0%         2d4       56%         2
 Static Discharge         Conj/Air       0%         3-3/arc   56%         2
 Frozen Ramparts          Ice            0%         1d1       80%         3
 Fugue of the Fallen      Necr           0%         N/A       80%         3
 Hailstorm                Conj/Ice       0%         3d5       80%         3
 Inner Flame              Hex/Fire       0%         N/A       80%         3
 Ozocubu's Armour         Ice            0%         N/A       80%         3
 Passwall                 Erth           0%         N/A       80%         3
 Stone Arrow              Conj/Erth      0%         3d7       80%         3
 Swiftness                Air            0%         N/A       80%         3
 Airstrike                Air            0%         2d(0-16)  99%         4
 Anguish                  Hex/Necr       0%         N/A       99%         4
 Brom's Barrelling Bould  Conj/Erth      0%         2d3       99%         4
 Cause Fear               Hex            0%         N/A       99%         4
 Dimensional Bullseye     Hex/Tloc       0%         N/A       99%         4
 Dispel Undead            Necr           0%         3d6       99%         4
 Fulminant Prism          Conj/Alch      0%         3d5       99%         4
 Ignite Poison            Fire/Alch      0%         N/A       99%         4
 Iskenderun's Mystic Bla Conj/Tloc 0%             2d3        (+2d1     99%         4
 Olgreb's Toxic Radiance  Alch           0%         N/A       99%         4
 Sticky Flame             Fire/Alch      0%         2d4       99%         4
 Alistair's Intoxication  Alch           0%         N/A       100%        5
 Arcjolt                  Conj/Air       0%         1d10      100%        5
 Borgnjor's Vile Clutch   Necr/Erth      0%         N/A       100%        5
 Iskenderun's Battlesphe  Conj           0%         2d6       100%        5
 Bombard                  Conj/Erth      0%         9d1       100%        6
 Conjure Ball Lightning   Conj/Air       0%         3x3d6     100%        6
 Dispersal                Tloc           0%         N/A       100%        6
 Eringya's Noxious Bog    Alch           0%         4d6       100%        6
 Gell's Gavotte           Tloc           0%         2d(11-16) 100%        6
 Permafrost Eruption      Ice/Erth       0%         2x4d1     100%        6
 Enfeeble                 Hex            0%         N/A       100%        7
 Manifold Assault         Tloc           0%         N/A       100%        7
 Orb of Destruction       Conj           0%         9d5       100%        7
 Discord                  Hex            0%         N/A       100%        8
 Disjunction              Tloc           0%         N/A       100%        8
 Ignition                 Fire           0%         3d3       100%        8
 Call Imp                 Summ           Unusable   N/A       N/A         2
 Sublimation of Blood     Necr           Unusable   N/A       N/A         2
 Call Canine Familiar     Summ           Unusable   N/A       N/A         3
 Summon Ice Beast         Ice/Summ       Unusable   N/A       N/A         3
 Tukima's Dance           Hex            Unusable   N/A       N/A         3
 Animate Dead             Necr           Unusable   N/A       N/A         4
 Martyr's Knell           Necr/Summ      Unusable   N/A       N/A         4
 Summon Blazeheart Golem  Fire/Summ      Unusable   N/A       N/A         4
 Summon Lightning Spire   Summ/Air       Unusable   N/A       N/A         4
 Summon Mana Viper        Hex/Summ       Unusable   N/A       N/A         5
 Death Channel            Necr           Unusable   N/A       N/A         6
 Monstrous Menagerie      Summ           Unusable   N/A       N/A         7
 Spellforged Servitor     Conj/Summ      Unusable   N/A       N/A         7

Dungeon Overview and Level Annotations

Branches:
Dungeon (15/15)            Temple (1/1) D:6            Lair (5/5) D:11
  Swamp (4/4) Lair:2        Snake (4/4) Lair:2        Slime (0/5) Lair:5
    Orc (2/2) D:10            Elf (0/3) Orc:2        Vaults (5/5) D:14
  Crypt (0/3) Vaults:2     Depths (4/4) D:15            Zot (5/5) Depths:4
  IceCv (visited)         Gauntlet (visited)

Altars:
Ashenzari
Cheibriados
Dithmenos
Elyvilon
Gozag
Kikubaaqudgha
Makhleb
Nemelex Xobeh
Okawaru
Qazlal
Ru
Sif Muna
Trog
Uskayaw
Vehumet
Wu Jian
Xom
Zin
The Shining One

Shops:
D:3 ([(*   D:8 *   Orc:2 (=[*[   Snake:2 (   Snake:4 [:(*   Vaults:1 *!
Vaults:5 :

Portals:
Hell: Depths:1 Depths:2 Depths:3
Abyss: Depths:3
Pandemonium: Depths:2 Depths:3
Ziggurat: Depths:4

Annotations:
D:4 1 runed translucent door, Crazy Yiuf
D:7 2 transporters, Loakagen's ghost, novice MiFi
Lair:1 3 runed translucent doors, qhelerd's ghost, journeyman TrSh
Lair:2 3 runed translucent doors, 10x100sm's ghost, journeyman FoFi; znke's ghost, journeyman CoIE


Innate Abilities, Weirdness & Mutations

You are a living statue of rough stone.
Your actions are slow, but your melee attacks are powerful.
You are resistant to unholy torment.
Your maximum health is greatly increased.
Your equipment is partially melded.
You are too large for most types of armour.
You are immune to poison.
You have claws for hands.
You are frail. (-10% HP)
Your natural rate of healing is unusually fast.
((You are covered in fur. (AC +1)))
((You have tough skin. (AC +1)))
Potions cannot restore your health.
You cannot study or use magical devices.
You are hated by all.
You cannot train Armour skill.
You are very clumsy. (Dex -4)
Your magical capacity is low. (-10% MP)
Your spells are a little easier to cast, but a little less powerful.


Message History

Your surroundings suddenly seem different.
A hellwing comes into view.
There is a stone staircase leading up here.
You climb upwards.
There is a stone staircase leading down here.
You start resting.
HP restored.
There is an escape hatch in the ceiling here.
A mysterious force pulls you upwards. The hatch slams shut behind you.
Level annotation: 1 runed translucent door, Crazy Yiuf
There is a stone staircase leading up here.
You climb upwards.
There is a stone staircase leading down here.
A toenail golem comes into view.
The toenail golem hits you but does no damage.
You mangle the toenail golem!!
The toenail golem is heavily damaged.
You block the toenail golem's attack.
You eviscerate the toenail golem!!!!
You destroy the toenail golem!
There is a stone staircase leading up here.
You climb upwards.
There is a stone staircase leading down here.
You see here a bat skeleton.
Things that are here:
a +0 club; a goblin skeleton
There is a stone staircase leading down here.
There is a stone staircase leading up here.
You climb upwards.
There is a stone staircase leading down here.
Okay, then.
An ice devil comes into view.
You block the ice devil's attack.
The ice devil hits you but does no damage.
You closely miss the ice devil. You eviscerate the ice devil!!!
You kill the ice devil!
There is a staircase leading out of the dungeon here.
You can't go down here!
You have escaped!

#...>.# #.####...## #.....#
#.##......## #.....#
#.##.#..#..##
#.....###......#.#..#
###.##........#...#.#
#......##..#..#...#.###
#.#.##.##.........#...#
#.#.##.###..#####.#.#.####
..(....#...#....I.#..#...####
.........##....#......##....#
...#....#.......####....#...#####
.........#####......####....##...
.................................
.#....##..#####..###..##.#..##...
......##..#####..........##.###.#
##........##......##........# #.#
#...####.##.........##..######.#


There were no monsters in sight!

Vanquished Creatures
  A dread lich (Zot:5)
  An ancient lich (Zot:5)
  Mennas (Vaults:2)
  3 orbs of fire
  2 pandemonium lords
  A juggernaut (Depths:2)
  Sojobo (Vaults:4)
  Xtahua (Vaults:2)
  A Killer Klown (Zot:5)
  2 curse toes
  Saint Roka (Snake:4)
  Nikola (Swamp:3)
  Jory (Vaults:5)
  A golden dragon (Zot:5)
  3 bone dragons
  2 Tzitzimimeh (D:7)
  An electric golem (Zot:5)
  Rupert (D:14)
  31 Orb Guardians
  Asterion (Snake:3)
  2 liches
  11 tentacled monstrosities
  6 quicksilver dragons
  2 walking earthen tomes
  5 sphinxes
  7 tengu reavers
  4 titans
  2 Executioners
  Agnes (Snake:2)
  4 death cobs
  Kirke (D:13)
  7 shadow dragons
  5 storm dragons
  Donald (Swamp:2)
  A draconian knight (Zot:3)
  A demonspawn warmonger (Zot:1)
  4 draconian monks
  10 nagarajas
  4 iron dragons
  10 fire giants
  3 draconian scorchers
  A draconian shifter (Zot:4)
  11 frost giants
  Aizul (Snake:2)
  22 vault wardens
  Louise (D:15)
  4 orc warlords
  An angel (D:7)
  A reaper (Zot:1)
  2 ghost moths
  A spriggan defender (Depths:2)
  9 ironbound thunderhulks
  18 ironbound preservers
  A quicksilver ooze (Gauntlet)
  A demonspawn corrupter (Zot:1)
  8 formless jellyfish
  A draconian annihilator (Zot:2)
  17 stone giants
  18 very ugly things
  4 eleionomae
  4 black draconians
  6 green draconians
  Azrael (D:13)
  A vampire knight (Depths:4)
  A red draconian (Depths:4)
  A minotaur (Gauntlet)
  5 war gargoyles
  2 purple draconians
  6 bunyips
  5 yellow draconians
  11 dire elephants
  17 spark wasps
  2 eidola (Vaults:2)
  4 white draconians
  A blizzard demon (Gauntlet)
  11 ettins
  4 fire dragons
  5 crystal guardians
  2 jiangshi
  12 yaktaur captains
  7 great orbs of eyes
  Fannar (D:10)
  A deep elf high priest (Vaults:5)
  8 ice dragons
  4 ghost crabs
  6 peacekeepers
  7 hydras
  3 salamander tyrants
  Harold (Lair:1)
  15 ironbound frosthearts
  34 vault guards
  3 spriggan air magi
  A sphinx zombie (D:15)
  An ogre mage (Vaults:5)
  9 alligators
  3 two-headed ogres
  An alligator (shapeshifter) (Vaults:4)
  8 catoblepae
  6 centaur warriors
  5 rakshasas
  Erica (Lair:2)
  3 boulder beetles
  5 deep troll shamans
  23 death yaks
  9 anacondas
  Urug (Orc:1)
  5 orc high priests
  9 deep troll earth magi
  9 tengu warriors
  11 naga sharpshooters
  6 spriggan berserkers
  A vampire mage (Depths:1)
  3 occultists
  4 shock serpents
  9 naga warriors
  5 hell knights
  Amaemon (D:9)
  8 spriggans
  9 iron trolls
  A sixfirhy (D:6)
  A death drake (Swamp:4)
  A cherub (Depths:2)
  3 skeletal warriors (D:15)
  2 spectral hydras (Swamp:4)
  46 deep trolls
  A goliath frog (Swamp:2)
  7 salamander mystics
  A sun moth (shapeshifter) (Vaults:5)
  4 spriggan druids
  3 flayed ghosts
  4 naga ritualists
  An orb spider (shapeshifter) (Vaults:4)
  A spectral alligator (Swamp:4)
  A snapping turtle (shapeshifter) (Depths:2)
  6 arcanists
  3 glowing orange brains
  An elf zombie (Vaults:4)
  An obsidian statue (Zot:5)
  A swamp dragon (Swamp:4)
  10 mana vipers
  A glowing orange brain (shapeshifter) (Vaults:5)
  10 lindwurms
  6 orc knights
  3 harpies (Vaults:1)
  5 phantasmal warriors
  22 ironbound convokers
  7 bog bodies
  2 obsidian bats (Orc:2)
  A shining eye (shapeshifter) (Vaults:5)
  A large abomination (D:6)
  6 necromancers
  A steelbarb worm (shapeshifter) (Depths:2)
  2 alligator zombies (Swamp:4)
  2 deep elf pyromancers
  A stone giant zombie (Vaults:4)
  6 manticores
  Maurice (Orc:1)
  4 orc sorcerers
  39 ugly things
  9 moths of wrath
  A will-o-the-wisp (Swamp:3)
  4 elephants (Lair:4)
  26 salamanders
  A meliai (D:14)
  7 cyclopes
  A human skeleton (Vaults:3)
  2 kobold blastminers (Orc:2)
  Joseph (D:9)
  A smoke demon (D:13)
  A stone giant skeleton (Vaults:4)
  2 black mambas (shapeshifter)
  2 toenail golems
  2 torpor snails
  10 guardian serpents
  16 naga magi
  A rust devil (D:13)
  25 vault sentinels
  30 black mambas
  3 ice statues
  14 rime drakes
  19 cane toads
  3 orange demons
  A hellion (Zot:1)
  3 gargoyles
  20 yaktaurs
  6 ice devils
  5 komodo dragons
  3 swamp worm zombies (Swamp:4)
  2 tormentors
  An efreet (D:13)
  A freezing wraith (Vaults:5)
  4 tengu conjurers
  6 hydra zombies (Swamp:4)
  8 trolls
  2 hellwings (Zot:1)
  A tengu simulacrum (Vaults:4)
  7 tyrant leeches
  14 hornets
  2 polar bears
  3 glass eyes
  2 dream sheep (Lair:5)
  An ettin zombie (Vaults:3)
  20 slime creatures
  A spectral swamp dragon (Swamp:4)
  21 blink frogs
  A spriggan skeleton (D:15)
  2 vampires
  2 wraiths
  A yak (shapeshifter) (D:15)
  A fire elemental (D:13)
  A ynoxinul (Zot:4)
  3 humans (D:13)
  A steam dragon (D:9)
  A tyrant leech zombie (Swamp:4)
  A hog (D:13)
  9 wyverns
  An ettin skeleton (Vaults:3)
  8 basilisks
  2 water elementals (Depths:3)
  64 yaks
  5 vampire mosquitoes
  A neqoxec (Zot:3)
  A warg (Snake:4)
  14 swamp worms
  7 water moccasins
  3 acid dragons
  37 nagas
  11 hell hounds
  3 swamp drakes
  A swamp worm (shapeshifter) (Vaults:5)
  36 orc warriors
  5 ice beasts
  A sky beast (D:6)
  A swamp dragon zombie (Swamp:4)
  4 black bears
  A black bear (shapeshifter) (Depths:2)
  8 ogres
  A boggart (Vaults:4)
  26 wolves
  8 centaurs
  6 phantoms (Swamp:4)
  10 bullfrogs
  3 gnoll sergeants
  4 scorpions
  8 wights
  3 lindwurm simulacra (IceCv)
  11 killer bees
  3 howler monkeys
  7 komodo dragon simulacra (IceCv)
  30 orc priests
  A jelly (D:7)
  2 bombardier beetles (D:4)
  6 hounds
  22 orc wizards
  A sleepcap (D:5)
  3 iguanas
  12 hell rats
  7 acid dragon simulacra (IceCv)
  8 adders
  20 gnolls
  A shadow imp (D:8)
  A white imp (Gauntlet)
  4 steam dragon simulacra (IceCv)
  A ribbon worm (D:3)
  4 dart slugs
  73 orcs
  9 bats
  9 endoplasms
  7 giant cockroaches
  11 goblins
  5 hobgoblins
  7 jackals
  8 kobolds
  5 quokkas
  6 ball pythons
  4 frilled lizards
  5 rats
1750 creatures vanquished.

Vanquished Creatures (others)
  A juggernaut (Depths:2)
  A tengu reaver (Vaults:4)
  An ironbound preserver (Vaults:2)
  2 stone giants (Depths:1)
  A lorocyproca (Depths:2)
  A war gargoyle (Vaults:4)
  A red draconian (Zot:3)
  Snorg (D:14)
  An ettin (Depths:2)
  2 vault guards (Vaults:5)
  A centaur warrior (Vaults:2)
  A spriggan air mage (Depths:2)
  A deep troll shaman (Depths:3)
  A tengu warrior (D:12)
  A spriggan druid (Swamp:3)
  A deep troll (Depths:4)
  A glowing orange brain (Depths:2)
  A lindwurm (Vaults:4)
  2 spectral hydras (Swamp:4)
  A harpy (Vaults:1)
  2 ironbound convokers (Vaults:3)
  A manticore (D:12)
  A will-o-the-wisp (Swamp:4)
  A moth of wrath (Zot:3)
  3 yaktaurs
  3 bloated husks (Swamp:4)
  A spectral swamp dragon (Swamp:4)
  A yak (Lair:3)
  A redback (shapeshifter) (Depths:2)
  A chaos spawn (Depths:2)
  A swamp worm (Swamp:4)
  An orc warrior (Orc:2)
  An ogre (Orc:1)
  3 phantoms (Swamp:4)
  A bullfrog (Lair:4)
  A hell rat (D:15)
  4 foxfires
50 creatures vanquished.

Grand Total: 1800 creatures vanquished

Notes
Turn   | Place    | Note
-------+----------+-------------------------------------------
     0 | D:1      | qhelerd the Troll Shapeshifter began the quest for the Orb.
     0 | D:1      | Reached XP level 1. HP: 18/18 MP: 0/0
   102 | D:1      | Reached skill level 1 in Fighting
   134 | D:1      | Reached XP level 2. HP: 27/27 MP: 1/1
   369 | D:1      | Reached XP level 3. HP: 33/33 MP: 2/2
  1002 | D:2      | Reached XP level 4. HP: 42/42 MP: 3/3
  1503 | D:3      | Found Qaraz's Weapon Shop.
  1545 | D:3      | Found Xoiciq's Antique Armour Emporium.
  1556 | D:3      | Found Fauderch's Weapon Boutique.
  1574 | D:3      | Bought 4 atropa-tipped darts for 39 gold pieces
  1711 | D:3      | Found Eduskuo's Assorted Antiques.
  1742 | D:3      | Bought a tiny jade amulet for 135 gold pieces
  1826 | D:4      | Reached XP level 5. HP: 50/50 MP: 4/4
  1862 | D:4      | Reached skill level 4 in Shapeshifting
  1895 | D:4      | Found a glowing silver altar of Zin.
  1973 | D:4      | Reached XP level 6. HP: 51/61 MP: 5/5
  2537 | D:4      | Found a runed translucent door.
  2538 | D:4      | Noticed Crazy Yiuf
  2799 | D:5      | Entered Level 5 of the Dungeon
  2964 | D:5      | Reached skill level 5 in Unarmed Combat
  2978 | D:5      | Reached XP level 7. HP: 35/67 MP: 6/6
  2982 | D:5      | Reached skill level 5 in Shapeshifting
  3206 | D:5      | Reached XP level 8. HP: 79/79 MP: 7/7
  3529 | D:6      | Reached skill level 6 in Shapeshifting
  3573 | D:6      | Reached skill level 5 in Fighting
  3580 | D:6      | Found a staircase to the Ecumenical Temple.
  3628 | Temple   | Entered the Ecumenical Temple
  3992 | D:6      | Found a sacrificial altar of Ru.
  4004 | D:6      | Became a worshipper of Ru the Awakened
  4327 | D:7      | Noticed a moth of wrath
  4329 | D:7      | Noticed a troll
  4333 | D:7      | Noticed Loakagen's ghost (novice MiFi)
  4419 | D:7      | Found a bloodstained altar of Trog.
  4423 | D:7      | Found a transporter.
  4426 | D:7      | Found a transporter.
  4481 | D:7      | Noticed a troll
  4495 | D:7      | Killed a troll
  4496 | D:7      | Reached skill level 7 in Shapeshifting
  4496 | D:7      | Reached XP level 9. HP: 64/89 MP: 8/8
  4631 | D:7      | Found a basalt altar of Yredelemnul.
  4980 | D:8      | HP: 3/89 [orc/+0 falchion (4)]
  5139 | D:8      | Gained mutation: Potions are less effective at restoring
                  | your health. [Ru sacrifice]
  5179 | D:8      | Reached skill level 1 in Throwing
  5361 | D:8      | Found a stormy altar of Qazlal.
  5456 | D:8      | Found Diol's General Store.
  5720 | D:9      | Noticed a troll
  5725 | D:8      | Killed a troll
  5767 | D:8      | Reached skill level 8 in Shapeshifting
  5850 | D:9      | Noticed Amaemon
  5881 | D:9      | Killed Amaemon
  5882 | D:9      | Reached XP level 10. HP: 15/98 MP: 9/9
  5993 | D:9      | Noticed an orange demon
  6020 | D:9      | Killed an orange demon
  6260 | D:9      | Noticed Joseph
  6268 | D:9      | Killed Joseph
  6625 | D:9      | Reached skill level 9 in Shapeshifting
  6627 | D:9      | Reached skill level 5 in Throwing
  6648 | D:9      | Reached skill level 10 in Unarmed Combat
  6880 | D:10     | Entered Level 10 of the Dungeon
  7000 | D:10     | Reached XP level 11. HP: 82/105 MP: 10/10
  7068 | D:10     | Found a staircase to the Orcish Mines.
  7185 | D:10     | Noticed a two-headed ogre
  7221 | D:10     | Killed a two-headed ogre
  7335 | D:10     | Identified the +4 sling of Iconoclasm {drain, rPois rN+++
                  | Int-2 Dex-4}
  7403 | D:10     | Gained mutation: You cannot train Armour skill. [Ru
                  | sacrifice]
  7403 | D:10     | Reached * piety under Ru
  7403 | D:10     | Reached ** piety under Ru
  7428 | D:10     | Noticed Fannar
  7448 | D:10     | Killed Fannar
  7449 | D:10     | Reached skill level 10 in Shapeshifting
  8035 | D:11     | Noticed a two-headed ogre
  8066 | D:11     | Killed a two-headed ogre
  8210 | D:11     | Found a staircase to the Lair.
  8493 | Lair:1   | Entered Level 1 of the Lair of Beasts
  8788 | Lair:1   | Reached XP level 12. HP: 89/114 MP: 11/11
  8930 | Lair:1   | Reached skill level 11 in Shapeshifting
  8956 | Lair:1   | Noticed Harold
  8973 | Lair:1   | Killed Harold
  9212 | Lair:1   | Found a runed translucent gate.
  9212 | Lair:1   | Found a runed translucent gate.
  9214 | Lair:1   | Found a runed translucent gate.
  9217 | Lair:1   | Noticed qhelerd's ghost (journeyman TrSh)
  9445 | Lair:1   | Gained mutation: You cannot study or use magical devices.
                  | [Ru sacrifice]
  9445 | Lair:1   | Reached *** piety under Ru
  9445 | Lair:1   | Reached **** piety under Ru
  9622 | Lair:2   | Noticed Erica
  9634 | Lair:2   | Killed Erica
  9773 | Lair:2   | Noticed a catoblepas
  9797 | Lair:2   | Killed a catoblepas
  9862 | Lair:2   | Noticed a catoblepas
  9888 | Lair:2   | Killed a catoblepas
  9889 | Lair:2   | Reached skill level 5 in Dodging
 10035 | Lair:2   | Found a runed translucent gate.
 10035 | Lair:2   | Found a runed translucent gate.
 10036 | Lair:2   | Found a runed translucent gate.
 10039 | Lair:2   | Identified the +3 orcbow "Tamyelil" {drain, rF++}
 10039 | Lair:2   | Noticed znke's ghost (journeyman CoIE)
 10039 | Lair:2   | Noticed 10x100sm's ghost (journeyman FoFi)
 10322 | Lair:2   | Found a staircase to the Snake Pit.
 10440 | Lair:2   | HP: 2/114 [spriggan druid/+0 quarterstaff (19)]
 10519 | Lair:2   | Paralysed by a hornet for 3 turns
 10769 | Lair:3   | Found a stormy altar of Qazlal.
 11034 | Lair:3   | Reached skill level 12 in Shapeshifting
 11142 | Lair:3   | Noticed a death yak
 11142 | Lair:3   | Noticed a death yak
 11142 | Lair:3   | Noticed a death yak
 11166 | Lair:3   | Killed a death yak
 11172 | Lair:3   | Killed a death yak
 11188 | Lair:3   | Killed a death yak
 11193 | Lair:3   | Reached XP level 13. HP: 107/120 MP: 12/12
 11199 | Lair:3   | Gained mutation: You are frail. (-10% HP) [Ru sacrifice]
 11199 | Lair:3   | Reached ***** piety under Ru
 11574 | Lair:4   | Found a gate leading to a gauntlet.
 11585 | Gauntlet | Entered a Gauntlet
 11585 | Gauntlet | Found a transporter.
 11585 | Gauntlet | Found a transporter.
 11585 | Gauntlet | Found a runed translucent door.
 11587 | Gauntlet | Found a runed translucent door.
 11597 | Gauntlet | Found a transporter.
 11614 | Gauntlet | Found a transporter.
 11614 | Gauntlet | Found a transporter.
 11614 | Gauntlet | Found a transporter.
 11616 | Gauntlet | Noticed a blizzard demon
 11617 | Gauntlet | Found a transporter.
 11617 | Gauntlet | Found a transporter.
 11623 | Gauntlet | Noticed a quicksilver ooze
 11671 | Gauntlet | Found a transporter.
 11673 | Gauntlet | Found a transporter.
 11716 | Gauntlet | Reached skill level 10 in Throwing
 11834 | Gauntlet | Killed a blizzard demon
 11881 | Gauntlet | Found a transporter.
 11887 | Gauntlet | Got the Codex of Singed Toxins
 11944 | Gauntlet | Killed a quicksilver ooze
 11947 | Gauntlet | Found a transporter.
 11949 | Gauntlet | Found a transporter.
 11951 | Gauntlet | Identified the +5 hat of Xahiwibo {Int+2}
 11963 | Gauntlet | Noticed a minotaur
 12021 | Gauntlet | Killed a minotaur
 12147 | Gauntlet | Got the Codex of Malevolent Rituals and Points
 12263 | Lair:4   | Reached skill level 1 in Shields
 12764 | Lair:4   | Reached skill level 13 in Shapeshifting
 13672 | Lair:5   | Entered Level 5 of the Lair of Beasts
 13701 | Lair:5   | Reached XP level 14. HP: 117/117 MP: 13/13
 13868 | Lair:5   | Reached skill level 5 in Shields
 14036 | Lair:5   | Gained mutation: You are hated by all. [Ru sacrifice]
 14036 | Lair:5   | Reached ****** piety under Ru
 14801 | Lair:5   | Reached skill level 14 in Shapeshifting
 15278 | Lair:5   | Identified the +3 mace of the Jumping Spider {holy, rCorr
                  | Str+6 Dex+2}
 15394 | Lair:5   | Found a staircase to the Slime Pits.
 16339 | D:13     | Found a frozen archway.
 16359 | IceCv    | Entered an ice cave
 16542 | IceCv    | Got the Precepts of the Chill
 16986 | D:13     | Noticed Kirke
 17010 | D:13     | Killed Kirke
 17140 | D:13     | Found a shadowy altar of Dithmenos.
 17532 | D:13     | Noticed Azrael
 17561 | D:13     | Killed Azrael
 17562 | D:13     | Reached XP level 15. HP: 54/110 MP: 6/14
 18113 | D:14     | Noticed Snorg
 18129 | D:14     | Killed Snorg
 18260 | D:14     | Noticed Rupert
 18274 | D:14     | Killed Rupert
 18275 | D:14     | Reached skill level 15 in Shapeshifting
 18409 | D:14     | Found a gate to the Vaults.
 18578 | D:14     | Found a white marble altar of Elyvilon.
 18746 | D:15     | Entered Level 15 of the Dungeon
 18871 | D:15     | Found a staircase to the Depths.
 19061 | D:15     | Noticed Louise
 19076 | D:15     | Killed Louise
 19891 | Orc:1    | Entered Level 1 of the Orcish Mines
 19964 | Orc:1    | Noticed Maurice
 19971 | Orc:1    | Killed Maurice
 20134 | Orc:2    | Entered Level 2 of the Orcish Mines
 20134 | Orc:2    | Found a staircase to the Elven Halls.
 20138 | Orc:2    | Found Hoediomo's Antique Armour Shoppe.
 20566 | Orc:2    | Reached skill level 10 in Shields
 20573 | Orc:2    | Paralysed by an orc sorcerer for 2 turns
 20791 | Orc:2    | Reached XP level 16. HP: 130/130 MP: 15/15
 20939 | Orc:2    | Found Anguomu's General Store.
 20940 | Orc:2    | Found Tueq's Jewellery Boutique.
 20942 | Orc:2    | Found Byunuleb's Antique Armour Boutique.
 20942 | Orc:2    | Found Vametemy's Antique Weapon Shop.
 20958 | Orc:2    | Bought a dragon-blood talisman for 840 gold pieces
 21335 | Orc:1    | Noticed Urug
 21351 | Orc:1    | Killed Urug
 21362 | Orc:1    | Reached skill level 16 in Shapeshifting
 21795 | Snake:1  | Entered Level 1 of the Snake Pit
 22865 | Snake:1  | Reached skill level 17 in Shapeshifting
 23596 | Snake:2  | Found Oqiczi's Weapon Emporium.
 23798 | Snake:2  | Identified the serpent talisman of Dagh {Will- Int+4}
 23798 | Snake:2  | Noticed Aizul
 23800 | Snake:2  | Noticed Agnes
 23807 | Snake:2  | Killed Agnes
 23808 | Snake:2  | Reached skill level 18 in Shapeshifting
 23811 | Snake:2  | Killed Aizul
 24800 | Snake:3  | Reached XP level 17. HP: 136/136 MP: 16/16
 24852 | Snake:3  | Noticed Asterion
 25325 | Snake:3  | Killed Asterion
 25326 | Snake:3  | Reached skill level 19 in Shapeshifting
 25582 | Snake:4  | Entered Level 4 of the Snake Pit
 25663 | Snake:4  | Found Iqiugai's General Store.
 25681 | Snake:4  | Noticed Saint Roka
 25696 | Snake:4  | Killed Saint Roka
 26101 | Snake:4  | Found Ytubeg's Armour Shoppe.
 26180 | Snake:4  | HP: 10/204 [poisoned by a nagaraja (poison arrow)]
 26195 | Snake:4  | Noticed a quicksilver dragon
 26197 | Snake:4  | Killed a quicksilver dragon
 26370 | Snake:4  | Reached skill level 20 in Shapeshifting
 26975 | Snake:4  | Found Dum Gea's Book Shop.
 27046 | Snake:4  | Found Nuari's Weapon Shop.
 27050 | Snake:4  | Found Tek Giock's Jewellery Shop.
 27561 | Snake:4  | Got a serpentine rune of Zot
 27816 | Lair:2   | Found a staircase to the Swamp.
 28024 | Swamp:1  | Entered Level 1 of the Swamp
 28094 | Lair:2   | Reached skill level 21 in Shapeshifting
 29045 | Swamp:2  | Noticed Donald
 29055 | Swamp:2  | Killed Donald
 29414 | Swamp:3  | Reached XP level 18. HP: 143/143 MP: 17/17
 29494 | Swamp:3  | Noticed Nikola
 29508 | Swamp:3  | Killed Nikola
 29843 | Swamp:4  | Entered Level 4 of the Swamp
 30089 | Swamp:4  | Noticed a tentacled monstrosity
 30100 | Swamp:4  | Killed a tentacled monstrosity
 30101 | Swamp:4  | Reached skill level 22 in Shapeshifting
 30317 | Swamp:4  | Noticed a bone dragon
 30327 | Swamp:4  | Killed a bone dragon
 30392 | Swamp:4  | Got a decaying rune of Zot
 30823 | Depths:1 | Entered Level 1 of the Depths
 31252 | Depths:1 | Reached skill level 23 in Shapeshifting
 31654 | Depths:1 | Found a gateway to Hell.
 31701 | Depths:1 | You fall into a shaft and drop 1 floor!
 31804 | Depths:2 | Noticed a juggernaut
 31813 | Depths:2 | Killed a juggernaut
 31814 | Depths:2 | Reached XP level 19. HP: 150/150 MP: 18/18
 31840 | Depths:2 | Noticed a juggernaut
 32118 | Depths:2 | Reached skill level 24 in Shapeshifting
 32375 | Depths:2 | Identified the +8 hand axe "Ifissoh" {vamp, rPois rF+ rCorr
                  | Str+6 Int-4}
 32407 | Depths:2 | Killed a juggernaut
 32784 | Depths:2 | Found a one-way gate leading to the halls of Pandemonium.
 32861 | Depths:2 | Identified the staff "Transmigrator" {rN+ Int+6 Necro}
 33566 | Depths:2 | Identified the +8 plate armour of Afeiwoje {rF+ Str-3
                  | Dex+3}
 34070 | Depths:3 | Reached skill level 15 in Unarmed Combat
 34787 | Depths:3 | Found a one-way gate to the infinite horrors of the Abyss.
 34918 | Depths:4 | Entered Level 4 of the Depths
 35059 | Depths:4 | Reached XP level 20. HP: 169/169 MP: 19/19
 35232 | Depths:4 | Found a one-way gateway to a ziggurat.
 35232 | Depths:4 | Noticed a dread lich
 35363 | Depths:4 | Reached skill level 10 in Fighting
 35374 | Depths:4 | Found a gate to the Realm of Zot.
 35375 | Depths:4 | Noticed a bone dragon
 35386 | Depths:4 | Killed a bone dragon
 35992 | Orc:2    | Bought a storm talisman for 960 gold pieces
 36179 | Vaults:1 | Entered Level 1 of the Vaults
 36219 | Vaults:1 | Found Micoj's Assorted Antiques.
 36693 | Vaults:1 | Found Toroc's Distillery.
 37682 | Vaults:2 | Noticed Mennas
 37691 | Vaults:2 | Killed Mennas
 37779 | Vaults:2 | Found a flickering gateway to a bazaar.
 37790 | Bazaar   | Entered a bazaar
 37823 | Bazaar   | Found Xost's Antique Armour Shop.
 37860 | Bazaar   | Found Didoosm's Distillery.
 37890 | Bazaar   | Found Cepnuoh's Antique Weapon Emporium.
 37930 | Bazaar   | Bought a potion of magic for 88 gold pieces
 37930 | Bazaar   | Bought a potion of magic for 88 gold pieces
 38100 | Vaults:2 | Reached XP level 21. HP: 185/185 MP: 20/20
 38412 | Vaults:2 | Noticed Xtahua
 38413 | Vaults:2 | Found a staircase to the Crypt.
 38421 | Vaults:2 | Paralysed by Xtahua for 4 turns
 38434 | Vaults:2 | Killed Xtahua
 39959 | Vaults:4 | Identified the +7 halberd "Dunybif" {freeze, Int+3}
 39965 | Vaults:4 | Noticed Sojobo
 39998 | Vaults:4 | Killed Sojobo
 40488 | Vaults:4 | Reached XP level 22. HP: 192/192 MP: 21/21
 41088 | Vaults:5 | Entered Level 5 of the Vaults
 41088 | Vaults:5 | Noticed Jory
 41277 | Vaults:5 | HP: 9/232 [stone giant (5)]
 41300 | Vaults:5 | Reached skill level 15 in Shields
 41637 | Vaults:5 | Found Foathrel's Book Shop.
 42189 | Vaults:5 | Killed Jory
 42230 | Vaults:5 | Got the Parchment of the Radiant Familiar
 42233 | Vaults:5 | Got a silver rune of Zot
 42234 | Vaults:5 | Identified the staff of Overwhelming Force {rPois rF+ Will-
                  | Int+2 Conj}
 42239 | Vaults:5 | Identified a scroll of acquirement
 42239 | Vaults:5 | Acquired 380 gold pieces
 42506 | Vaults:5 | Identified the +8 chain mail of Tuaje {Str+2}
 42624 | Vaults:5 | Identified the staff of Ginlasic {*Corrode Will++ Conj
                  | Fire}
 42625 | Vaults:5 | Identified the ring "Nagub" {rF+ Str+6 SInv}
 42975 | Zot:1    | Entered Level 1 of the Realm of Zot
 43093 | Zot:1    | Noticed a curse toe
 43116 | Zot:1    | Killed a curse toe
 43117 | Zot:1    | Reached XP level 23. HP: 199/199 MP: 22/22
 43212 | Zot:1    | Noticed an orb of fire
 43215 | Zot:1    | Killed an orb of fire
 43626 | Zot:5    | Entered Level 5 of the Realm of Zot
 44066 | Zot:5    | Noticed a Killer Klown
 44078 | Zot:5    | Killed a Killer Klown
 44095 | Zot:5    | Noticed an ancient lich
 44096 | Zot:5    | Noticed a dread lich
 44104 | Zot:5    | Killed an ancient lich
 44107 | Zot:5    | Killed a dread lich
 44150 | Zot:5    | Noticed an orb of fire
 44155 | Zot:5    | Gained mutation: You are clumsy. (Dex -2) [an orb of fire]
 44160 | Zot:5    | Gained mutation: Your magical capacity is low. (-10% MP)
                  | [an orb of fire]
 44166 | Zot:5    | Killed an orb of fire
 44202 | Zot:5    | Noticed a curse toe
 44212 | Zot:5    | Killed a curse toe
 44331 | Zot:5    | Noticed an orb of fire
 44331 | Zot:5    | Noticed an orb of fire
 44334 | Zot:5    | Gained mutation: Potions cannot restore your health. [an
                  | orb of fire]
 44334 | Zot:5    | Gained mutation: Your spells are a little easier to cast,
                  | but a little less powerful. [an orb of fire]
 44334 | Zot:5    | Noticed an ancient lich
 44337 | Zot:5    | Noticed an orb of fire
 44338 | Zot:5    | Noticed an orb of fire
 44338 | Zot:5    | Noticed a Killer Klown
 44521 | Zot:5    | Killed an orb of fire
 44648 | Zot:5    | Got the Orb of Zot
 44750 | Zot:4    | Noticed Lopusy the pandemonium lord
 44756 | Zot:4    | Killed Lopusy the pandemonium lord
 44785 | Zot:3    | Gained mutation: You are very clumsy. (Dex -4) [a neqoxec]
 44806 | Zot:2    | Noticed Riyd the pandemonium lord
 45007 | Depths:2 | Noticed Doegix the pandemonium lord
 45026 | Depths:2 | Killed Doegix the pandemonium lord
 45027 | Depths:2 | Reached XP level 24. HP: 207/207 MP: 19/19
 45502 | D:$      | Escaped with the Orb!

Illustrated notes

Levels and vault maps discovered:
D:1:      ebering_trefoil_3fold, layout_loops_cross
D:2:      layout_loops_ring
D:3:      layout_basic, serial_shops, shop, nicolae_lakefront_shop,
          nicolae_shop_bloodbath_and_beyond, shop
D:4:      layout_basic, nicolae_overflow_hidden_temple, uniq_crazy_yiuf_cottage
D:5:      layout_rooms
D:6:      layout_basic, amcnicky_altar_gilded,
          minmay_temple_entry_gardened_gates
D:7:      layout_loops_cross, mainiacjoe_overflow_alcove_2,
          gammafunk_ghost_wrathful_warriors
D:8:      layout_loops_cross, nicolae_qazlal_eye_of_the_storm,
          minmay_shop_grid_forest, chequers_serial_rivers_room_b
D:9:      layout_basic, uniq_amaemon, uniq_joseph
D:10:     layout_loops_cross, david_orc_3, uniq_fannar
D:11:     layout_roguey, hellmonk_lair_entry_icy, roderic_roman_lattice,
          chequers_jeans, kennysheep_generic_room_10
D:12:     layout_irregular_city
D:13:     layout_irregular_city, portal_ice_cave_demonic_guard,
          nicolae_dithmenos_through_a_glass_darkly, uniq_azrael, uniq_kirke
D:14:     layout_cave_pools, hellmonk_vaults_attempted_burglary,
          grunt_decor_mini_mirrors, elyvilon_altar_5, uniq_rupert, uniq_snorg
D:15:     gammafunk_depths_entry_grave, layout_small_grid, special_room
          [special_room_mythical_zoo], serial_park_gazebo
          [serial_park_minivault_5x5_5], uniq_louise
Temple:   regret_index_temple_mists
Lair:1:   layout_regular_city, gammafunk_ghost_necromancy, uniq_harold
Lair:2:   layout_roguey, mainiacjoe_swamp_entry_angry_trees,
          nicolae_snake_entry_squirm, gammafunk_ghost_cemetery,
          chequers_serial_rivers_marsh, nicolae_quartered_pool_impasse,
          serial_bayou_pond_a, uniq_erica
Lair:3:   layout_chaotic_city, basic_altar
Lair:4:   layout_big_grid, gauntlet_entry_generic,
          chequers_serial_rivers_micro_b, guppyfry_lair_drakes
Lair:5:   evilmike_catoblepas_cave, layout_regular_city,
          dpeg_slime_entry_corner, serial_bayou_shore_b
Swamp:1:  layout_basic_swamp, infiniplex_staircase_pool
Swamp:2:  layout_basic_swamp, serial_swamp_ruin, evilmike_swamp_ruin_rubble_2,
          evilmike_swamp_ruin_house_1, evilmike_swamp_ruin_house_4, uniq_donald
Swamp:3:  layout_falls_marsh, nicolae_swamp_some_circles, uniq_nikola
Swamp:4:  swamp_pestilence, layout_basic_swamp, nicolae_swamp_decorative_isthmus
Snake:1:  nicolae_snake_unarmed_stairs_patrol, layout_concentric_octagons,
          special_room
Snake:2:  layout_gridlike, nicolae_stop_n_shop_1, grunt_megastairs_4,
          uniq_agnes, uniq_aizul
Snake:3:  layout_onion_interference, uniq_asterion
Snake:4:  hellmonk_snake_rune_quicksilver_temple, layout_cave_town,
          serial_shops, shop, shop, nicolae_shop_gibbet_a_chance, shop, shop,
          uniq_saint_roka
Orc:1:    layout_caves, nicolae_orc_seminary, uniq_urug, uniq_maurice
Orc:2:    st_orc_congregation, layout_diamond_mine, serial_shops, shop
Vaults:1: nicolae_vaults_little_squares_2, grunt_vaults_focal, st_cross,
          nicolae_vaults_storage_closets_2, v_misc_26,
          hangedman_vaults_restitches, layout_vaults_quadrants, serial_shops,
          nicolae_shop_rolling_square, shop
Vaults:2: nicolae_vaults_network_periphery, minmay_crypt_entry_nasty_monster,
          dpeg_vaults_monster_box, vaults_dpeg_encased_lava,
          nicolae_vaults_stand_back, nicolae_vaults_diamond_2, v_misc_30,
          nicolae_vaults_two_Ls, v_misc_23, nicolae_vaults_shelves_hall,
          nicolae_vaults_double_plus_1, layout_vaults_big_room, serial_shops,
          bzr_entry_lakeside, uniq_mennas, uniq_xtahua
Vaults:3: nicolae_vaults_bisected_inception, nicolae_vaults_theta,
          vaults_mumra_bighexcomb, nicolae_vaults_little_squares_6,
          nicolae_vaults_little_squares_6, vaults_room_pool, v_rooms_2,
          nicolae_vaults_more_shelving_1, ontoclasm_vaults_loading_screen,
          v_alt_pattern_6, ontoclasm_vaults_fault, layout_vaults_omnicross
Vaults:4: nicolae_vaults_closet_pinwheel_1, nicolae_vaults_security_offices_3,
          nicolae_vaults_twisting_passages, nicolae_vaults_wine_cellar,
          vaults_dpeg_diagonal, vaults_mumra_minichess_inversion,
          nicolae_vaults_ellipses_ellipsis, v_pattern_5,
          nicolae_vaults_trapezoid_1, vaults_room_large_hall,
          ontoclasm_vaults_ligature, nicolae_vaults_trapezoid_3,
          layout_vaults_omnibox, uniq_sojobo
Vaults:5: uniq_jory
Depths:1: layout_twisted_cross, regret_index_abyss_entry_earlier_magic,
          cheibriados_altar_1, hangedman_coc_ice_floe, lemuel_angel_altar,
          grunt_megastairs_2
Depths:2: nicolae_legendary_halls, layout_basic, pan_entry, skrybe_limestone_x,
          grunt_hell_entry_dis_old, lemuel_flamethrower_2
Depths:3: minmay_bloctagon_deflated, layout_gridlike, pan_entry,
          nicolae_twisty_statue_hallways, hell_entry,
          abyss_entry_small_statue_room, kennysheep_random_hallway
Depths:4: grunt_crosshair, layout_cave_pools, enter_ziggurat_c, hellmouth_1,
          nrook_uturn, item_on_display_a
Zot:1:    layout_basic, regret_index_zotdec_split_disrupt, uniq_grunn
Zot:2:    layout_misc_corridors, regret_index_zotdec_dark_gr,
          grunt_ministairs_1, regret_index_zotdec_wing_it, st_stairs_2
Zot:3:    lemuel_draconian_sentries, layout_onion_interference,
          hellmonk_ghost_big_iron, regret_index_zotdec_fiery_em,
          nicolae_diode_quadrants
Zot:4:    layout_gridlike, uniq_josephina
Zot:5:    layout_cellular_growth

Skill      XL: |  1  2  3  4  5  6  7  8  9 10 11 12 13 14 15 16 17 18 19 20 21 22 23 24 |
---------------+-------------------------------------------------------------------------+-----
Fighting       | 1 2 3 4 5 6 9 12 | 12.0
Unarmed Combat | 4 5 6 7 9 10 11 13 15 17 19 21 23 | 23.4
Shapeshifting  | 4 5 7 8 9 10 12 13 14 15 18 21 23 24 | 24.0
Throwing       | 3 5 8 9 11 12 | 12.3
Dodging        | 3 6 |  6.9
Shields        | 4 7 10 13 15 17 18 | 18.1

Action                     |  1- 3 |  4- 6 |  7- 9 | 10-12 | 13-15 | 16-18 | 19-21 | 22-24 || total
---------------------------+-------+-------+-------+-------+-------+-------+-------+-------++-------
  Melee: Unarmed           |   111 |   140 |   251 |   541 |  1356 |  1107 |  1216 |   734 ||  5456
         Punch             |     2 |     4 |     8 |    34 |     7 |    52 |    16 |       ||   123
         Maw               |       |       |       |       |   104 |    23 |       |       ||   127
         Tailslap          |       |       |       |       |       |    77 |       |       ||    77
         Bite              |       |       |       |       |       |    63 |       |       ||    63
  Throw: Dart              |       |       |    10 |    10 |       |       |       |     1 ||    21
         Boomerang         |       |       |       |     3 |       |       |       |       ||     3
         Throwing net      |       |       |       |     2 |     2 |       |       |       ||     4
         Javelin           |       |       |       |     1 |    25 |     5 |       |    12 ||    43
         Large rock        |       |       |       |       |    11 |       |       |       ||    11
 Invoke: Sacrifice Purity  |       |       |     1 |       |       |       |       |       ||     1
         Sacrifice Durabil |       |       |       |     1 |       |       |       |       ||     1
         Power Leap        |       |       |       |     2 |     5 |     4 |     1 |       ||    12
         Draw Out Power    |       |       |       |     1 |       |     3 |     4 |     4 ||    12
         Sacrifice Artific |       |       |       |     1 |       |       |       |       ||     1
         Apocalypse        |       |       |       |       |     3 |     4 |     1 |     5 ||    13
         Sacrifice Health  |       |       |       |       |     1 |       |       |       ||     1
         Sacrifice Love    |       |       |       |       |     1 |       |       |       ||     1
  Evoke: Wand              |       |       |       |     1 |       |       |       |       ||     1
    Use: Scroll            |       |     2 |    14 |    10 |    10 |     7 |     4 |     7 ||    54
         Potion            |       |       |     4 |     4 |     5 |     6 |       |     4 ||    23
   Stab: Sleeping          |     1 |     2 |       |       |       |     1 |     1 |       ||     5
         Fleeing           |       |       |       |     1 |       |       |       |       ||     1
         Invisible         |       |       |       |    10 |     9 |     9 |     5 |     5 ||    38
         Paralysed         |       |       |       |       |     3 |    20 |    13 |     3 ||    39
         Distracted        |       |       |       |       |     6 |    12 |    12 |     6 ||    36
         Petrified         |       |       |       |       |     4 |       |       |       ||     4
         Petrifying        |       |       |       |       |     1 |       |       |       ||     1
         Held in net/web   |       |       |       |       |     2 |       |       |       ||     2
 Armour: Animal skin       |   100 |    82 |    74 |       |       |       |       |       ||   256
         Troll leather arm |       |       |   130 |   367 |   456 |       |       |       ||   953
         Skin              |       |       |       |       |    96 |  1060 |  1141 |   789 ||  3086
  Dodge: Dodged            |    65 |    47 |   131 |   163 |   300 |   603 |   550 |   205 ||  2064
  Block: Other             |       |     7 |    64 |    84 |    14 |   112 |       |       ||   281
         Reflection        |       |       |     1 |     3 |    44 |    42 |    51 |    23 ||   164
         Kite shield       |       |       |       |       |   740 |   709 |   864 |   554 ||  2867
   Form: Maw               |       |       |       |       |     1 |       |       |       ||     1
         Dragon            |       |       |       |       |       |     2 |       |       ||     2
         Statue            |       |       |       |       |       |     2 |     1 |       ||     3
         Storm             |       |       |       |       |       |       |     1 |       ||     1

Table legend: (Time is in decaauts)
 A = Elapsed time spent in this place.
 B = Non-inter-level travel time spent in this place.
 C = Inter-level travel time spent in this place.
 D = Time resting spent in this place.
 E = Time spent auto-exploring this place.
 F = Levels seen in this place.
 G = Mean time per level.
                   A        B        C        D        E       F      G
               +--------+--------+--------+--------+--------+-----+--------+
         Total |  51331 |  47805 |   3526 |   4059 |  27443 |  48 | 1069.4 |
       Dungeon |  14221 |  12562 |   1659 |    896 |   7869 |  15 |  948.1 |
        Temple |     19 |     19 |      0 |      0 |      0 |   1 |   19.0 |
          Lair |   6919 |   6310 |    609 |    402 |   3662 |   5 | 1383.8 |
         Swamp |   2873 |   2742 |    131 |    182 |   1796 |   4 |  718.2 |
     Snake Pit |   5856 |   5645 |    211 |   1079 |   2943 |   4 | 1464.0 |
  Orcish Mines |   1903 |   1695 |    208 |    100 |    759 |   2 |  951.5 |
        Vaults |   8583 |   8215 |    368 |    450 |   5183 |   5 | 1716.6 |
        Depths |   6792 |   6455 |    337 |    588 |   3523 |   4 | 1698.0 |
           Zot |   2794 |   2794 |      0 |    187 |   1259 |   5 |  558.8 |
        Bazaar |    245 |    245 |      0 |      0 |    148 |   1 |  245.0 |
      Ice Cave |    549 |    549 |      0 |     20 |    259 |   1 |  549.0 |
      Gauntlet |    573 |    573 |      0 |    155 |     40 |   1 |  573.0 |
               +--------+--------+--------+--------+--------+-----+--------+

Top non-repeatable levels by time:
Depths:2: 2971 daAuts
Vaults:5: 2240 daAuts
Depths:3: 2113 daAuts
    D:15: 1883 daAuts
  Lair:5: 1760 daAuts
Vaults:3: 1723 daAuts
 Snake:4: 1714 daAuts
Vaults:4: 1592 daAuts
Vaults:2: 1584 daAuts
   Zot:5: 1563 daAuts
 Snake:1: 1550 daAuts
  Lair:2: 1456 daAuts
Vaults:1: 1441 daAuts
   Orc:2: 1358 daAuts
 Snake:3: 1341 daAuts
